 Dungeon Crawl Stone Soup version 0.20-a0-1058-g0491fde (webtiles) character file.

33 Gorglomux the Chopper (level 3, -1/45 HPs)
             Began as a Hill Orc Skald on Apr 26, 2017.
             Slain by an adder (4 damage)
             ... on level 2 of the Dungeon.
             The game lasted 00:01:53 (1161 turns).

Gorglomux the Chopper (Hill Orc Skald)              Turns: 1161, Time: 00:01:54

Health: -1/45      AC:  3    Str: 16 (18) XL:     3   Next: 29%
Magic:  0/5        EV: 11    Int: 11 (13) God:
Gold:   129        SH:  0    Dex:  9 (11) Spells: 2/5 levels left

rFire    + . .     SeeInvis .   a - +0 hand axe
rCold    + . .     Gourm    .   (no shield)
rNeg     . . .     Faith    .   b - +0 leather armour
rPois    +         Spirit   .   (no helmet)
rElec    +         Reflect  .   (no cloak)
rCorr    +         Harm     .   (no gloves)
MR       .....                  (no boots)
Stlth    ..........             (no amulet)
Regen    0.2/turn               (no ring)
MPRegen  0.1/turn               (no ring)

@: berserking, lethally poisoned (-1 -> -2), resistant, infused, singing, very
quick
A: no striking features
a: no special abilities


You were on level 2 of the Dungeon.
You were not hungry.

You visited 1 branch of the dungeon, and saw 2 of its levels.

You collected 129 gold pieces.

Inventory:

Hand Weapons
 a - a +0 hand axe (weapon)
Armour
 b - a +0 leather armour (worn)
Scrolls
 e - a scroll of recharging {unknown}
 h - a scroll of enchant weapon {unknown}
 i - a scroll of fear {unknown}
 k - a scroll of blinking {unknown}
 n - a scroll of remove curse {unknown}
 o - a scroll of identify {unknown}
Books
 c - a book of Battle
Comestibles
 d - a bread ration {@e1@e1}
 f - 2 meat rations {@e2@e2}
 l - 5 chunks of flesh {@w0@w0}


   Skills:
 - Level 2.4 Fighting
 + Level 4.8 Axes
 - Level 1.1 Armour
 - Level 1.5 Dodging
 - Level 1.5 Spellcasting
 - Level 2.6 Charms


You had 2 spell levels left.
You knew the following spells:

 Your Spells              Type           Power        Failure   Level  Hunger
a - Infusion              Chrm           #...         12%         1    ##.....
S - Song of Slaying       Chrm           #.......     19%         2    ###....


Dungeon Overview and Level Annotations

Branches:
Dungeon (2/15)

Altars:
Fedhas


Message History

Do you wish to (r)edefine, (c)lear, or (a)bort?
Input macro action: zS Created macro '"' => 'zS'.
The rat misses you.
You barely miss the rat. The rat bites you.
You take 2 damage, and have 27/30 hp.
You closely miss the rat. The rat bites you but does no damage.
You hit the rat but do no damage. The rat bites you.
You take 1 damage, and have 26/30 hp.
You barely miss the rat. The rat barely misses you. The rat closely misses you.
You barely miss the rat. The rat barely misses you.
You barely miss the rat. The rat barely misses you.
You hit the rat.
You kill the rat!
No target in view!
No target in view!
You see here a rat corpse.
You butcher the rat corpse.
l - 5 chunks of flesh {@w0@w0} (gained 1)
You see here a rat skeleton.
You open the door.
There is an open door here.
A worm comes into view.
A worm is nearby!
A worm is nearby!
A worm is nearby!
A rat comes into view.
You start singing a song of slaying.
You hear a shout!
You hear an angry hiss.
An adder comes into view.
You now have 3/5 mp.
A goblin comes into view.
The goblin shouts!
You hit the worm. You hit the worm but do no damage. You barely miss the rat.
You hear an angry hiss.
The worm bites you! The rat bites you but does no damage.
The adder barely misses you.
You take 9 damage, and have 20/30 hp.
MASSIVE DAMAGE!!
You begin infusing your attacks with magical energy.
The adder completely misses you. The rat closely misses you.
The worm bites you. The goblin hits you.
You take 4 damage, and have 16/30 hp.
You now have 2/5 mp.
You are too injured to fight recklessly!
You slash the worm! You miss the adder. You hit the goblin. You hit the rat.
The adder bites you.
You are poisoned.
The adder poisons you! The rat closely misses you. The goblin misses you.
The adder barely misses you.
You take 2 damage, and have 14/30 hp.
You now have 0/5 mp.
You feel sick.
An adder comes into view.
You take 1 damage, and have 13/30 hp.
The rat bites you but does no damage.
You hear a shout!
It was a potion of resistance.
You feel protected.
You feel sick. The adder barely misses you.
The adder bites you but does no damage. The goblin hits you.
* * * LOW HITPOINT WARNING * * *
You take 5 damage, and have 8/30 hp.
It was a potion of degeneration.
There was something very wrong with that liquid.
You feel weakened.
You feel dopey.
You feel clumsy. The rat closely misses you. The adder bites you.
* * * LOW HITPOINT WARNING * * *
The goblin hits you.
* * * LOW HITPOINT WARNING * * *
You take 2 damage, and have 6/30 hp.
Unknown command.
Unknown command.
Unknown command.
It was a potion of berserk rage.
A red film seems to cover your vision as you go berserk!
You feel yourself moving faster!
You feel mighty! The adder misses you. The rat closely misses you.
The goblin barely misses you.
You now have 9/45 hp.
You barely miss the adder. You closely miss the goblin. You hit the rat!
You kill the rat!
The adder barely misses you.
You now have 0/5 mp.
You barely miss the adder. You slash the goblin!
You kill the goblin!
You feel sick. The adder closely misses you.
A goblin opens the door.
You take 1 damage, and have 8/45 hp.
You miss the adder. You hit the worm. You barely miss the adder.
The adder misses you. The adder bites you.
* * * LOW HITPOINT WARNING * * *
You take 2 damage, and have 6/45 hp.
You barely miss the adder. You slash the worm!
You kill the worm!
You barely miss the adder. The adder barely misses you.
The adder bites you but does no damage.
You hit the adder. You closely miss the adder. The adder bites you.
* * * LOW HITPOINT WARNING * * *
The adder bites you.
You die...

.
.......+........#......####.
.......#.#.#....#......#
................+..........
####......##....#.P.P.##+##
#............#.._..#
#......#.....#.P.P.#
....................#
........##.†........#
........+.@S.......#
........##S#....##.#
..........g........#
#########'#.......#
..........# ..........#
..........# ......:......
........#...#.


You could see 2 adders and a goblin.

Vanquished Creatures
  A worm (D:2)
  A dart slug (D:1)
  4 bats (D:1)
  5 goblins
  8 hobgoblins
  A frilled lizard (D:1)
  2 kobolds (D:1)
  4 rats
26 creatures vanquished.

Notes
Turn   | Place    | Note
-------+----------+-------------------------------------------
     0 | D:1      | Gorglomux the Hill Orc Skald began the quest for the Orb.
     0 | D:1      | Reached XP level 1. HP: 18/18 MP: 3/3
    10 | D:1      | Reached skill level 3 in Axes
    18 | D:1      | Reached XP level 2. HP: 22/25 MP: 0/4
   444 | D:1      | Reached skill level 4 in Axes
   514 | D:1      | HP: 6/25 [dart slug (2)]
   516 | D:1      | HP: 2/25 [dart slug (3)]
   941 | D:1      | Reached XP level 3. HP: 28/30 MP: 2/5
  1063 | D:2      | Found a blossoming altar of Fedhas.
  1099 | D:2      | Learned a level 2 spell: Song of Slaying
  1155 | D:2      | HP: 7/30 [adder (2)]
  1161 | D:2      | HP: 3/45 [adder (3)]
  1161 | D:2      | Slain by an adder

Vault maps used:
D:1:      minmay_arrival_four_circles, st_stairs_10
D:2:      fedhas_altar_1, minmay_randomly_rotated_circles

Skill      XL: |  1  2 |
---------------+-------+-----
Axes           | 3 4 |  4.8
Fighting       | |  2.4
Armour         | |  1.1
Dodging        | |  1.5
Spellcasting   | |  1.5
Charms         | |  2.6

Action                   || total
-------------------------++-------
Melee: Hand axe          ||    83
 Cast: Infusion          ||    13
       Song of Slaying   ||     1
  Use: Potion            ||     3
  Eat: Chunk             ||     1
Armor: Leather armour    ||    30
Dodge: Dodged            ||    73

Vault maps used:
D:1:      minmay_arrival_four_circles, st_stairs_10
D:2:      fedhas_altar_1, minmay_randomly_rotated_circles

Table legend:
 A = Turns spent in this place as a percentage of turns spent in the entire game.
 B = Non-inter-level travel turns spent in this place as a percentage of non-inter-level travel turns spent in the entire game.
 C = Inter-level travel turns spent in this place as a percentage of turns spent in this place.
 D = Turns resting spent in this place as a percentage of non-inter-level travel turns spent in this place.
 E = Turns spent auto-exploring this place as a percentage of non-inter-level travel turns spent in this place.
 F = Non-inter-level travel turns spent in this place divided by the number of levels of this place that you've seen.
                   A       B       C       D       E      F
               +-------+-------+-------+-------+-------+----------------------
         Total | 100.0 | 100.0 |   0.3 |   1.6 |  10.1 | 189.0
       Dungeon | 100.0 | 100.0 |   0.3 |   1.6 |  10.1 | 189.0
               +-------+-------+-------+-------+-------+----------------------

Table legend:
 A = Kills in this place as a percentage of kills in entire the game.
 B = Kills by you in this place as a percentage of kills by you in the entire game.
 C = Kills by friends in this place as a percentage of kills by friends in the entire game.
 D = Other kills in this place as a percentage of other kills in the entire game.
 E = Experience gained in this place as a percentage of experience gained in the entire game.
 F = Experience gained in this place divided by the number of levels of this place that you have seen.
                   A       B       C       D       E      F
               +-------+-------+-------+-------+-------+----------------------
         Total | 100.0 | 100.0 |  -nan |  -nan | 100.0 |  24.0
       Dungeon | 100.0 | 100.0 |  -nan |  -nan | 100.0 |  24.0
               +-------+-------+-------+-------+-------+----------------------
